[Event "Titled Tuesday Blitz June 15 2021"]
[White "Hansen, Eric"]
[Black "Rud_Makarian"]
[WhiteFideId "2606771"]
[WhiteElo "2568"]
[BlackElo "2755"]
[Result "1-0"]
[Round "04"]
[TimeControl "180+1"]
[Date "2021.06.15"]
[WhiteClock "0:00:02"]
[BlackClock "0:00:04"]

1. b3 e5 2. Bb2 Nc6 3. e3 d5 4. Bb5 Ne7 5. Bxe5 a6 6. Bxc6+ Nxc6 7. Bb2 Qg5 8. Nf3 Qxg2 9. Rg1 Qh3 10. Rg3 Qh5 11. Rg5 Qh3 12. Rg3 Qh5 13. Nc3 Bg4 14. Nxd5 O-O-O 15. Nf4 Qf5 16. Nh4 Bxd1 17. Nxf5 Bxc2 18. Bxg7 Bxg7 19. Nxg7 Bg6 20. d4 Nb4 21. Kf1 b6 22. a3 Nd5 23. Ngh5 Nc3 24. Rc1 Ne4 25. Rg1 Nd2+ 26. Ke2 Nxb3 27. Rc3 Na5 28. Rgc1 c6 29. Nf6 Kb7 30. h4 Rd6 31. Ng4 Bf5 32. Ne5 Rf8 33. f3 f6 34. Nc4 Nxc4 35. Rxc4 Be6 36. R4c3 f5 37. Rg1 Rf7 38. Rg5 a5 39. Kf2 b5 40. Nd3 Kb6 41. Kg3 Bc4 42. Ne5 Re7 43. Rxf5 Bd5 44. e4 Ba2 45. Rd3 b4 46. axb4 axb4 47. Kf4 Rd8 48. Rf6 Re6 49. Rxe6 Bxe6 50. Ke3 Kb5 51. f4 b3 52. f5 Bc4 53. Rd2 Kb4 54. Nxc6+ 1-0


[Site "https://www.chess.com"]

[Event "Titled Tuesday Blitz June 15 2021"]
[White "Har-Zvi, Ronen"]
[Black "Kretov, Evgenij"]
[WhiteFideId "2801485"]
[BlackFideId "4167821"]
[WhiteElo "2523"]
[BlackElo "2400"]
[Result "1-0"]
[Round "04"]
[TimeControl "180+1"]
[Date "2021.06.15"]
[WhiteClock "0:01:05"]
[BlackClock "0:00:15"]

1. Nf3 c5 2. c4 Nf6 3. Nc3 e6 4. e3 Be7 5. d4 cxd4 6. exd4 d5 7. c5 O-O 8. b4 b6 9. Rb1 a5 10. a3 axb4 11. axb4 bxc5 12. bxc5 Ne4 13. Bd2 Nc6 14. Bb5 Qc7 15. O-O Ba6 16. Re1 f5 17. Bxc6 Qxc6 18. Ne5 Qc7 19. f3 Bxc5 20. dxc5 Qxc5+ 21. Be3 Qxc3 22. Bd4 Qc7 23. fxe4 dxe4 24. Rb6 Rfe8 25. Qb3 Bc8 26. Rc6 Qd8 27. Qc4 Ra5 28. Rc1 Bb7 29. Rxe6 Bd5 30. Rxe8+ Qxe8 31. Qc7 Ra4 32. Qc5 Be6 33. Qd6 f4 34. Rc7 e3 35. Nf3 Bf7 36. Qc5 e2 37. Rc8 Rxd4 38. Rxe8+ Bxe8 39. Qxd4 1-0


[Site "https://www.chess.com"]

[Event "Titled Tuesday Blitz June 15 2021"]
[White "Harutyunyan, Tigran K."]
[Black "Zhigalko, Sergei"]
[WhiteFideId "13303635"]
[BlackFideId "13502956"]
[WhiteElo "2444"]
[BlackElo "2662"]
[Result "0-1"]
[Round "04"]
[TimeControl "180+1"]
[Date "2021.06.15"]
[WhiteClock "0:00:18"]
[BlackClock "0:00:08"]

1. c4 e5 2. Nc3 Nf6 3. g3 c6 4. d4 exd4 5. Qxd4 Na6 6. Bg2 Bc5 7. Qe5+ Be7 8. Nf3 O-O 9. O-O Re8 10. Qf4 Nc5 11. Rd1 a5 12. b3 h6 13. h3 d6 14. Bb2 Qb6 15. Rab1 Nh5 16. Qd2 Nxg3 17. Kh2 Nh5 18. Rg1 Bf5 19. e4 Bxe4 20. Nxe4 Nxe4 21. Qc2 d5 22. Ne5 Bd6 23. f4 Nxf4 24. Bxe4 Bxe5 25. Bf3 Qe3 26. Bxe5 Qxe5 27. Kh1 d4 28. Rg4 Qf6 29. Qc1 Nd3 30. Qf1 Re1 31. Rg3 Rxf1+ 0-1


[Site "https://www.chess.com"]

[Event "Titled Tuesday Blitz June 15 2021"]
[White "Jacobson, Brandon"]
[Black "Durarbayli, Vasif"]
[WhiteFideId "30901561"]
[BlackFideId "13402935"]
[WhiteElo "2362"]
[BlackElo "2500"]
[Result "1-0"]
[Round "04"]
[TimeControl "180+1"]
[Date "2021.06.15"]
[WhiteClock "0:00:06"]
[BlackClock "0:00:22"]

1. d4 Nf6 2. c4 e6 3. Nf3 c5 4. d5 exd5 5. cxd5 d6 6. Nc3 a6 7. a4 g6 8. h3 Bg7 9. e4 O-O 10. Bd3 Nbd7 11. O-O Ne8 12. Bg5 Qb6 13. Qd2 Bf6 14. Bxf6 Nexf6 15. a5 Qc7 16. Qf4 Re8 17. Nd2 Kg7 18. Rfc1 Ne5 19. Bf1 b5 20. b4 c4 21. Qe3 Qa7 22. Qxa7 Rxa7 23. f4 Ned7 24. g3 Nb8 25. Re1 Rae7 26. Bg2 Bb7 27. Kf2 h5 28. Bf3 Bc8 29. Bg2 Bb7 30. Re2 Nbd7 31. Rae1 Nh7 32. e5 dxe5 33. d6 Bxg2 34. Kxg2 Re6 35. fxe5 Nxe5 36. Rxe5 Rxe5 37. Rxe5 Rxe5 38. d7 Re3 39. d8=Q Rd3 40. Qb6 Rxd2+ 41. Kf1 Ng5 42. Qe3 Rd3 43. Qxg5 f6 44. Qc1 Rxg3 45. Qe1 Rxh3 46. Qe7+ Kh6 47. Qxf6 h4 48. Ne4 1-0


[Site "https://www.chess.com"]

[Event "Titled Tuesday Blitz June 15 2021"]
[White "Jarmula, Lukasz"]
[Black "Starozhilov, Leonid"]
[WhiteFideId "1160664"]
[BlackFideId "14106752"]
[WhiteElo "2244"]
[BlackElo "2414"]
[Result "1-0"]
[Round "04"]
[TimeControl "180+1"]
[Date "2021.06.15"]
[WhiteClock "0:00:11"]
[BlackClock "0:00:01"]

1. e4 g6 2. d4 Bg7 3. Be3 d6 4. Nc3 a6 5. a4 Nc6 6. d5 Ne5 7. Be2 Nf6 8. h3 c6 9. f4 Ned7 10. dxc6 bxc6 11. Nf3 Rb8 12. Rb1 Qa5 13. O-O O-O 14. Kh2 Nc5 15. e5 Nfe4 16. Nxe4 Nxe4 17. Qd3 d5 18. Nd4 Qc7 19. b4 f6 20. exf6 Bxf6 21. Nf3 Bf5 22. g4 Bc8 23. Kg2 Nc3 24. Rb3 Nxe2 25. Qxe2 a5 26. bxa5 Rxb3 27. cxb3 c5 28. Bd2 d4 29. Qc4+ Kh8 30. b4 Bb7 31. a6 Ba8 32. b5 Rd8 33. a5 Bd5 34. Qe2 c4 35. b6 Qc6 36. Kg3 c3 37. Bc1 Bc4 38. Ne5 Bxe5 39. Qxe5+ Kg8 40. Re1 Bxa6 41. Qxe7 Qd7 42. Qf6 Rf8 43. Qe5 Bb7 44. Rd1 Rd8 45. Be3 c2 46. Rxd4 Qxd4 47. Bxd4 Rxd4 48. Qxd4 c1=Q 49. Qd8+ Kg7 50. Qd7+ Kg8 51. Qxb7 Qe3+ 52. Kh4 1-0


[Site "https://www.chess.com"]

[Event "Titled Tuesday Blitz June 15 2021"]
[White "Javakhadze, Zurab"]
[Black "Chernomordik, Pavel"]
[WhiteFideId "13603647"]
[BlackFideId "2804530"]
[WhiteElo "2381"]
[BlackElo "2299"]
[Result "1-0"]
[Round "04"]
[TimeControl "180+1"]
[Date "2021.06.15"]
[WhiteClock "0:00:40"]
[BlackClock "0:00:13"]

1. c4 g6 2. Nc3 Bg7 3. d4 d6 4. e4 c6 5. Be2 a6 6. Nf3 b5 7. O-O Nf6 8. e5 dxe5 9. Nxe5 Nfd7 10. f4 O-O 11. Bf3 Nxe5 12. dxe5 Qb6+ 13. Kh1 bxc4 14. Qe2 Be6 15. Be3 Qb4 16. Rfd1 Bf5 17. Be4 Be6 18. Qf2 Nd7 19. Bxc6 Rad8 20. Bd5 Qb8 21. Bxe6 fxe6 22. Qe2 g5 23. Qxc4 gxf4 24. Bxf4 Nxe5 25. Qxe6+ Kh8 26. Rxd8 Rxd8 27. Re1 Rd6 28. Qxe7 Qd8 29. Qxd8+ Rxd8 30. Bxe5 Bxe5 31. Rxe5 Rd2 32. h3 Rxb2 33. Ra5 Rc2 34. Ne4 Kg7 35. Rxa6 Re2 36. Ng3 Re1+ 37. Kh2 Ra1 38. Nf5+ Kf7 39. a4 1-0


[Site "https://www.chess.com"]

[Event "Titled Tuesday Blitz June 15 2021"]
[White "Kamsky, Gata"]
[Black "Costachi, Mihnea"]
[WhiteFideId "2000024"]
[BlackFideId "1217518"]
[WhiteElo "2644"]
[BlackElo "2479"]
[Result "1-0"]
[Round "04"]
[TimeControl "180+1"]
[Date "2021.06.15"]
[WhiteClock "0:00:52"]
[BlackClock "0:00:17"]

1. d4 Nf6 2. Nf3 d5 3. Bf4 c6 4. e3 g6 5. c4 Bg7 6. Nc3 O-O 7. h3 Qb6 8. Qb3 Bf5 9. c5 Qxb3 10. axb3 Nbd7 11. b4 a6 12. Be2 Rfe8 13. O-O Ne4 14. g4 Nxc3 15. bxc3 Be6 16. Ng5 Nf8 17. Nxe6 Nxe6 18. Bh2 Ng5 19. Kg2 Ne4 20. c4 Nd2 21. cxd5 Nxf1 22. dxc6 Nxe3+ 23. fxe3 bxc6 24. Rxa6 Rxa6 25. Bxa6 e5 26. d5 cxd5 27. c6 Re7 28. b5 Ra7 29. b6 Rxa6 30. c7 Ra2+ 31. Kf1 Ra1+ 32. Ke2 Ra2+ 33. Kd1 Bf6 34. c8=Q+ Kg7 35. g5 Bxg5 36. Bxe5+ Kh6 37. Bd4 Ra1+ 38. Bxa1 1-0


[Site "https://www.chess.com"]

[Event "Titled Tuesday Blitz June 15 2021"]
[White "Karpov, Vadim"]
[Black "Quintiliano Pinto, Renato R."]
[WhiteFideId "4155025"]
[BlackFideId "2117568"]
[WhiteElo "2290"]
[BlackElo "2439"]
[Result "0-1"]
[Round "04"]
[TimeControl "180+1"]
[Date "2021.06.15"]
[WhiteClock "0:00:11"]
[BlackClock "0:00:19"]

1. Nf3 Nf6 2. c4 e6 3. Nc3 d5 4. d4 c6 5. e3 Nbd7 6. Qc2 Bd6 7. Be2 O-O 8. O-O dxc4 9. Bxc4 a6 10. Rd1 Qc7 11. b3 b5 12. Bd3 Bb7 13. Bb2 Rac8 14. Rac1 Rfd8 15. Qe2 c5 16. dxc5 Nxc5 17. Bb1 Qe7 18. b4 Ncd7 19. a3 Nb6 20. Ng5 Nc4 21. Nce4 Nxe4 22. Nxe4 Bxe4 23. Bxe4 Bxh2+ 24. Kxh2 Qh4+ 25. Kg1 Qxe4 26. Bd4 h6 27. a4 Rd5 28. axb5 axb5 29. Bc5 Rcd8 30. Rxd5 Qxd5 31. Ra1 Ra8 32. Rd1 Qe4 33. f3 Qe5 34. Bd4 Qc7 35. Bc5 Rd8 36. e4 Rd7 37. Kf2 Qd8 38. Rxd7 Qxd7 39. Qa2 f6 40. Qa8+ Kh7 41. Qb8 Qd2+ 42. Kg3 Qe1+ 43. Kh2 Nd2 44. Qxb5 Nf1+ 45. Kg1 Ng3+ 46. Kh2 Ne2 47. Qb8 Qh4# 0-1


[Site "https://www.chess.com"]

[Event "Titled Tuesday Blitz June 15 2021"]
[White "Kavyev, Ruslan"]
[Black "Dmitrenko, Viktor"]
[WhiteFideId "34110981"]
[BlackFideId "14110270"]
[WhiteElo "2172"]
[BlackElo "2338"]
[Result "0-1"]
[Round "04"]
[TimeControl "180+1"]
[Date "2021.06.15"]
[WhiteClock "0:00:08"]
[BlackClock "0:01:04"]

1. e4 c6 2. d4 d5 3. Nd2 dxe4 4. Nxe4 Nd7 5. c4 Ndf6 6. Nc3 Bf5 7. Nf3 e6 8. Be2 Bd6 9. O-O h6 10. b3 Ne4 11. Bb2 Nxc3 12. Bxc3 Nf6 13. d5 exd5 14. cxd5 O-O 15. dxc6 bxc6 16. h3 Nd5 17. Bb2 Nf4 18. Bc4 Bc7 19. Qxd8 Raxd8 20. Rad1 Be4 21. Ne5 Bxg2 22. Nxf7 Bxf1 23. Rxd8 Bxc4 24. Nxh6+ gxh6 25. Rd7 Rf7 26. Rd4 Ne2+ 0-1


[Site "https://www.chess.com"]

[Event "Titled Tuesday Blitz June 15 2021"]
[White "Khumalo, Keith"]
[Black "Rustemov, Alexander"]
[WhiteFideId "14319470"]
[BlackFideId "4119002"]
[WhiteElo "1992"]
[BlackElo "2721"]
[Result "1-0"]
[Round "04"]
[TimeControl "180+1"]
[Date "2021.06.15"]
[WhiteClock "0:02:21"]
[BlackClock "0:00:25"]

1. d4 g6 2. c4 Bg7 3. e4 c5 4. d5 d6 5. Bd3 b5 6. cxb5 a6 7. a4 axb5 8. Bxb5+ Bd7 9. Bxd7+ Nxd7 10. Ne2 Ngf6 11. Nbc3 O-O 12. O-O Qa5 13. Bd2 Rfb8 14. Nb5 Qb6 15. Nec3 Ne5 16. Qe2 c4 17. Be3 Qb7 18. Rab1 Nfd7 19. b3 cxb3 20. f4 Qc8 21. fxe5 Nxe5 22. Rxb3 Qc4 23. Qxc4 Nxc4 24. Bg5 h6 25. Bc1 Bxc3 26. Rxc3 Rxa4 27. Nd4 Kg7 28. Nc6 Rb7 29. Nd8 Rd7 30. Nxf7 g5 31. h4 Kg6 32. hxg5 hxg5 33. Nxg5 Ne5 34. Ne6 Rb7 35. Rg3+ Kh5 36. Rf5+ Kh4 37. Rh3+ Kg4 38. Rg5# 1-0


[Site "https://www.chess.com"]

[Event "Titled Tuesday Blitz June 15 2021"]
[White "Khusnutdinov, Rustam"]
[Black "Abdusattorov, Nodirbek"]
[WhiteFideId "13701703"]
[BlackFideId "14204118"]
[WhiteElo "2571"]
[BlackElo "2662"]
[Result "1-0"]
[Round "04"]
[TimeControl "180+1"]
[Date "2021.06.15"]
[WhiteClock "0:00:53"]
[BlackClock "0:00:15"]

1. e4 c6 2. Nf3 d5 3. d3 Bg4 4. h3 Bxf3 5. Qxf3 e6 6. Be2 Nd7 7. O-O Bc5 8. Qg3 Ngf6 9. e5 Qc7 10. Bf4 g5 11. Qxg5 h6 12. exf6 e5 13. Qg7 O-O-O 14. Bh2 Nb6 15. Bh5 Rdf8 16. Qg4+ Kb8 17. Nd2 Rhg8 18. Qe2 Bd6 19. c4 Nd7 20. cxd5 cxd5 21. Rac1 Qd8 22. Bg4 Nxf6 23. Bxe5 Re8 24. Bxd6+ Qxd6 25. Qf3 Rg5 26. Qg3 Qxg3 27. fxg3 Nxg4 28. hxg4 Rxg4 29. Rxf7 a5 30. Nf1 Re2 31. Rf2 Re5 32. Rcc2 h5 33. Rce2 Reg5 34. Rf4 Kc7 35. Kf2 Rg7 36. Rxg4 hxg4 37. Ne3 Kc6 38. Ke1 Kc5 39. Kd2 b5 40. d4+ Kc6 41. Nf5 Rf7 42. Re5 b4 43. b3 Rf6 44. Ke3 Rf8 45. Kf4 a4 46. bxa4 Ra8 47. Re6+ Kc7 48. Kxg4 Rxa4 49. Re2 Kd7 50. Kf4 b3 51. axb3 Ra1 52. g4 Rf1+ 53. Ke5 1-0


[Site "https://www.chess.com"]

[Event "Titled Tuesday Blitz June 15 2021"]
[White "Kislov, Oleg"]
[Black "Shkapenko, Pavel"]
[WhiteFideId "13503774"]
[BlackFideId "4151933"]
[WhiteElo "2252"]
[BlackElo "2386"]
[Result "1/2-1/2"]
[Round "04"]
[TimeControl "180+1"]
[Date "2021.06.15"]
[WhiteClock "0:00:16"]
[BlackClock "0:00:20"]

1. e4 e5 2. Nf3 Nc6 3. d4 exd4 4. Nxd4 Bc5 5. Be3 Qf6 6. c3 Nge7 7. Bc4 O-O 8. O-O Qg6 9. Nd2 Bxd4 10. cxd4 d5 11. exd5 Nb4 12. Qf3 Bg4 13. Qg3 Nbxd5 14. h3 Be6 15. Qxg6 Nxg6 16. Rac1 Nge7 17. Ne4 Nxe3 18. fxe3 Bxc4 19. Rxc4 Nd5 20. Rf3 Rfe8 21. Nc3 Nxc3 22. bxc3 c6 23. Rc5 Re7 24. Kf2 Rae8 25. Ra5 a6 26. Ra3 f6 27. Rb3 Kf7 28. c4 b5 29. a4 bxc4 30. Rc3 Rb8 31. Rxc4 Rb2+ 32. Kg3 Re6 33. Rc5 Ke7 34. Ra5 Rb6 35. h4 Kd7 36. Kf4 Kc7 37. g4 Kb7 38. g5 Rb1 39. Rc5 Rh1 40. Kg4 Rg1+ 41. Kf5 Rd6 42. Rc2 fxg5 43. hxg5 Rd5+ 44. Ke6 Rgxg5 45. Rb2+ Kc8 46. Rf8+ Rd8 47. Rf7 Rg6+ 48. Ke5 Rd5+ 49. Ke4 Rd7 50. Rf8+ Kc7 51. Rbb8 Kd6 52. Ra8 Re6+ 53. Kd3 Rde7 54. Rf3 g5 55. Rxa6 g4 56. Rg3 h5 57. Ra5 Rb7 58. Rxh5 Rb3+ 59. Kc4 Rexe3 60. Rxe3 Rxe3 61. Rh6+ Kc7 62. Rg6 g3 63. a5 Ra3 64. a6 Rxa6 65. Rxg3 1/2-1/2


[Site "https://www.chess.com"]

[Event "Titled Tuesday Blitz June 15 2021"]
[White "Kollars, Dmitrij"]
[Black "Maltsevskaya, Aleksandra"]
[WhiteFideId "12909572"]
[BlackFideId "24174041"]
[WhiteElo "2947"]
[BlackElo "2577"]
[Result "1-0"]
[Round "04"]
[TimeControl "180+1"]
[Date "2021.06.15"]
[WhiteClock "0:00:34"]
[BlackClock "0:00:01"]

1. Nf3 Nf6 2. c4 g6 3. Nc3 Bg7 4. g3 O-O 5. Bg2 d5 6. cxd5 Nxd5 7. Qa4 e5 8. O-O Nb6 9. Qh4 Qxh4 10. Nxh4 c6 11. d3 N8d7 12. Be3 f5 13. Rfc1 Nf6 14. a4 Be6 15. a5 Nbd5 16. Bc5 Rfe8 17. Nf3 Nd7 18. Bd6 h6 19. Nd2 Bf8 20. Bxf8 Kxf8 21. Nxd5 cxd5 22. Rc7 Rec8 23. Rxb7 Rc2 24. Rd1 Nc5 25. Rc7 Rc8 26. Rxc8+ Bxc8 27. Bxd5 Rxb2 28. Kf1 Ba6 29. Ke1 Na4 30. Rc1 Ke7 31. f4 exf4 32. gxf4 Rb5 33. Bc4 Rc5 34. Nb3 Rc6 35. Bxa6 Rxa6 36. Rc4 Nb2 37. Rc2 Na4 38. Kd2 Kd6 39. Rc4 1-0


[Site "https://www.chess.com"]

[Event "Titled Tuesday Blitz June 15 2021"]
[White "Kovalev, Vladislav"]
[Black "Gunina, Valentina"]
[WhiteFideId "13504398"]
[BlackFideId "4167570"]
[WhiteElo "2573"]
[BlackElo "2399"]
[Result "0-1"]
[Round "04"]
[TimeControl "180+1"]
[Date "2021.06.15"]
[WhiteClock "0:00:02"]
[BlackClock "0:00:34"]

1. e4 c6 2. Nf3 d5 3. Nc3 dxe4 4. Nxe4 Nf6 5. Qe2 Nxe4 6. Qxe4 Nd7 7. Bc4 Nf6 8. Ne5 e6 9. Qe2 b5 10. Bd3 Qc7 11. a4 b4 12. b3 Nd5 13. Bb2 Nf4 14. Qf3 Nxd3+ 15. Nxd3 Bb7 16. Qg3 Qxg3 17. hxg3 c5 18. f3 f6 19. Nf4 Kf7 20. d3 Bd6 21. Kf2 h6 22. Rae1 Rhe8 23. Nh5 Rad8 24. g4 Bc7 25. Ng3 c4 26. bxc4 b3 27. Ne4 bxc2 28. Ke2 Bc6 29. Rc1 f5 30. Nc3 fxg4 31. Rxc2 gxf3+ 32. gxf3 Be5 33. Nb5 Bb8 34. Bc3 Rd7 35. Nd4 Ba8 36. Rb2 Red8 37. Rh5 e5 38. Rxb8 Rxb8 39. Rxe5 Re8 40. f4 g5 41. Rxe8 Kxe8 42. fxg5 hxg5 43. Nf5 Kf7 44. Ke3 Kg6 45. Nd4 Kh5 46. Be1 Re7+ 47. Kd2 Kg4 48. Nb5 Kh3 49. Nd6 g4 50. Kc3 Rxe1 0-1


[Site "https://www.chess.com"]

[Event "Titled Tuesday Blitz June 15 2021"]
[White "Krivonosov, Oleg"]
[Black "Enriquack"]
[WhiteFideId "11600349"]
[WhiteElo "2469"]
[BlackElo "2506"]
[Result "1/2-1/2"]
[Round "04"]
[TimeControl "180+1"]
[Date "2021.06.15"]
[WhiteClock "0:00:29"]
[BlackClock "0:00:16"]

1. Nf3 Nf6 2. c4 g6 3. Nc3 d5 4. cxd5 Nxd5 5. e4 Nxc3 6. dxc3 Qxd1+ 7. Kxd1 f6 8. Be3 e5 9. Nd2 Nd7 10. Nb3 Bd6 11. f3 Ke7 12. Kc2 Nb6 13. Nc5 Rd8 14. Be2 a5 15. a4 Nd7 16. Nb3 Nf8 17. Rhd1 Be6 18. Nc5 Bf7 19. b3 Rdb8 20. Rab1 b6 21. Nd3 c6 22. Nb2 Ne6 23. Bc4 Rb7 24. Rd2 Bc5 25. Bxc5+ Nxc5 26. Bxf7 Kxf7 27. Nd3 Ne6 28. Rbd1 Ke7 29. Nb2 h5 30. h4 Rd8 31. Rxd8 Nxd8 32. Nc4 Ne6 33. Rd2 Nc5 34. Nd6 Rd7 35. Nc8+ Ke6 36. Nxb6 Rxd2+ 37. Kxd2 Nxb3+ 38. Kd3 Kd6 39. Kc2 Nc5 40. Nc4+ Kc7 41. Nxa5 Nxa4 42. Nc4 Nc5 43. g3 Ne6 44. Kd2 g5 45. Ne3 gxh4 46. gxh4 Nf4 47. Nf5 Kd7 48. Kc2 Kc7 49. Kb3 Kb6 50. Kc4 Ng2 51. Kd3 Kc5 52. Kd2 Kc4 53. Kc2 Nf4 54. Nd6+ Kc5 55. Ne8 Ng2 56. Nxf6 Nxh4 57. Nxh5 Nxf3 58. Nf6 Kc4 59. Ng4 Ne1+ 60. Kd2 Nf3+ 61. Ke3 Ng5 62. Nxe5+ Kxc3 63. Nxc6 Nxe4 1/2-1/2


[Site "https://www.chess.com"]

[Event "Titled Tuesday Blitz June 15 2021"]
[White "Kubicka, Anna"]
[Black "Jarovinsky, Alexey"]
[WhiteFideId "1152254"]
[BlackFideId "14115131"]
[WhiteElo "2010"]
[BlackElo "2446"]
[Result "1/2-1/2"]
[Round "04"]
[TimeControl "180+1"]
[Date "2021.06.15"]
[WhiteClock "0:00:05"]
[BlackClock "0:00:12"]

1. e4 Nc6 2. Nf3 d6 3. d4 Nf6 4. Nc3 Bg4 5. Be2 g6 6. O-O Bg7 7. h3 Bxf3 8. Bxf3 e5 9. d5 Nd4 10. Be3 Nxf3+ 11. Qxf3 Nh5 12. Ne2 O-O 13. c3 Qe8 14. g4 Nf6 15. Ng3 Nd7 16. Qg2 Qe7 17. Rae1 Bf6 18. Kh1 Bg5 19. Nf5 gxf5 20. gxf5 f6 21. h4 h6 22. hxg5 hxg5 23. Qg4 Kg7 24. Kg2 Rh8 25. Rh1 Rag8 26. Rxh8 Rxh8 27. Rh1 Rxh1 28. Kxh1 a6 29. Qh5 Nf8 30. Kg2 Qd7 31. b3 c6 32. c4 cxd5 33. cxd5 Qc7 34. Qe8 Qd7 35. Qb8 Qf7 36. Qxd6 Qh5 37. Qe7+ Kg8 38. f3 g4 39. Qxf6 Qh3+ 40. Kg1 Qg3+ 41. Kf1 Qxf3+ 42. Bf2 Qd1+ 43. Kg2 Qf3+ 44. Kf1 Qd1+ 45. Kg2 Qf3+ 46. Kf1 1/2-1/2


[Site "https://www.chess.com"]

[Event "Titled Tuesday Blitz June 15 2021"]
[White "Lazavik, Denis"]
[Black "Ivanisevic, Ivan"]
[WhiteFideId "13515110"]
[BlackFideId "912417"]
[WhiteElo "2882"]
[BlackElo "2699"]
[Result "1/2-1/2"]
[Round "04"]
[TimeControl "180+1"]
[Date "2021.06.15"]
[WhiteClock "0:00:07"]
[BlackClock "0:00:10"]

1. d4 Nf6 2. c4 e6 3. Nf3 d5 4. Nc3 Nbd7 5. cxd5 exd5 6. Bg5 c6 7. e3 h6 8. Bh4 g5 9. Bg3 Nh5 10. Bd3 Nxg3 11. hxg3 Bg7 12. b4 Nb6 13. Qc2 Qe7 14. Rb1 O-O 15. O-O Bg4 16. Nd2 Rad8 17. a4 f5 18. a5 Nc8 19. Rfe1 Qf7 20. f4 Nd6 21. Nf3 Bxf3 22. gxf3 a6 23. Kf2 Rfe8 24. Rh1 Re6 25. Rbe1 Rde8 26. Nd1 R8e7 27. Re2 Re8 28. Kf1 R8e7 29. Qc1 Re8 30. Reh2 g4 31. fxg4 fxg4 32. Re2 Nf5 33. Bxf5 Qxf5 34. Qd2 Re4 35. Nf2 R4e6 36. Kg2 h5 37. Rhe1 Bf6 38. Nd3 h4 39. Ne5 Qe4+ 40. Kg1 Bxe5 41. dxe5 hxg3 42. Qc2 Qf3 43. Rf1 Qe4 44. Qxe4 dxe4 45. Rg2 Kf7 46. Rxg3 Rg6 47. f5 Rg5 48. e6+ Kf6 49. Rf4 Rxf5 50. Rxe4 Rxe6 51. Rxe6+ Kxe6 52. Rxg4 Rb5 53. Kf2 Kf5 54. Rd4 Ke5 55. Ke2 c5 56. bxc5 Rxc5 57. Rb4 Rxa5 58. Rxb7 Ra2+ 59. Kf3 Ra3 60. Rh7 a5 61. Rh5+ Kf6 62. Kf4 a4 63. Rh6+ Kg7 64. Ra6 Ra1 65. Ke5 a3 66. e4 Kf7 67. Ra7+ Kg6 68. Ke6 Kg5 69. e5 a2 70. Ra5 Kf4 71. Kf6 Ke4 72. Ra4+ Kd5 73. Ra5+ Kd4 74. Ke6 Ke4 75. Ra4+ Kf3 76. Kf6 Ke3 77. Ke7 Kd3 78. e6 Kc3 79. Ke8 Kb3 80. Ra8 Re1 81. e7 a1=Q 82. Rxa1 Rxa1 83. Kf7 Re1 84. e8=Q Rxe8 85. Kxe8 1/2-1/2


[Site "https://www.chess.com"]

[Event "Titled Tuesday Blitz June 15 2021"]
[White "Le, Tuan Minh"]
[Black "Jakubowski, Krzysztof"]
[WhiteFideId "12401153"]
[BlackFideId "1112848"]
[WhiteElo "2876"]
[BlackElo "2567"]
[Result "1-0"]
[Round "04"]
[TimeControl "180+1"]
[Date "2021.06.15"]
[WhiteClock "0:01:06"]
[BlackClock "0:00:10"]

1. d4 Nf6 2. Nf3 e6 3. Bf4 d5 4. e3 Bd6 5. Nbd2 Bxf4 6. exf4 O-O 7. c3 b6 8. Bd3 Ba6 9. Bxa6 Nxa6 10. O-O c5 11. Re1 Qd6 12. g3 Nb8 13. Nf1 Nc6 14. Ne3 g6 15. Qd3 Rfd8 16. Rad1 cxd4 17. Nxd4 Rac8 18. Nxc6 Qxc6 19. Qd4 Ne8 20. Ng4 h5 21. Nh6+ Kf8 22. f5 gxf5 23. Qh8+ Ke7 24. Nxf5+ Kd7 25. Qxh5 Nd6 26. Nxd6 Kxd6 27. Qxf7 Qd7 28. Qf4+ Kc6 29. Re5 Kb7 30. Rde1 Rc6 31. h4 Re8 32. h5 Re7 33. h6 a5 34. Qf6 Ka6 35. Rh5 Rh7 36. Rhe5 Re7 37. b3 a4 38. bxa4 Ka5 39. c4 Rxc4 40. Rxe6 Rf7 41. Qb2 Rb4 42. Qd2 Kxa4 43. R6e5 d4 44. Qd1+ Ka3 45. Qd3+ Ka4 46. Qa6# 1-0


[Site "https://www.chess.com"]

[Event "Titled Tuesday Blitz June 15 2021"]
[White "Leiva, Gianmarco"]
[Black "Kapitanchuk, Tomas"]
[WhiteFideId "3804399"]
[BlackFideId "135046"]
[WhiteElo "2365"]
[BlackElo "1955"]
[Result "0-1"]
[Round "04"]
[TimeControl "180+1"]
[Date "2021.06.15"]
[WhiteClock "0:00:01"]
[BlackClock "0:00:08"]

1. Nf3 Nf6 2. d4 e6 3. c4 Bb4+ 4. Nbd2 a5 5. g3 O-O 6. Bg2 b6 7. O-O Bb7 8. Nb1 Ne4 9. Qc2 f5 10. Nfd2 d5 11. Nf3 Nd7 12. b3 a4 13. cxd5 Bxd5 14. bxa4 c5 15. a3 Ba5 16. Bb2 Rc8 17. Qd1 c4 18. Qc2 c3 19. Bc1 g5 20. h4 gxh4 21. Nxh4 Qf6 22. Be3 e5 23. Nf3 Qe6 24. dxe5 Nxe5 25. Nd4 Qf7 26. Bf4 Ng6 27. Bh6 Rfd8 28. Bh3 Ne7 29. Rd1 Bc4 30. Kh2 b5 31. axb5 Nxf2 32. Rf1 Nxh3 33. Nxf5 Nxf5 34. Rxf5 Qe6 35. Kxh3 Bd3 36. exd3 Qxf5+ 0-1


[Site "https://www.chess.com"]

[Event "Titled Tuesday Blitz June 15 2021"]
[White "Levitskiy, Andrey"]
[Black "Chigaev, Maksim"]
[WhiteFideId "14132885"]
[BlackFideId "4108116"]
[WhiteElo "2569"]
[BlackElo "2889"]
[Result "0-1"]
[Round "04"]
[TimeControl "180+1"]
[Date "2021.06.15"]
[WhiteClock "0:00:04"]
[BlackClock "0:00:07"]

1. e4 c5 2. Nf3 e6 3. d4 cxd4 4. Nxd4 Nc6 5. Nc3 Qc7 6. g3 a6 7. Bg2 Nf6 8. O-O Nxd4 9. Qxd4 Bc5 10. Bf4 d6 11. Qd2 h6 12. Rad1 e5 13. Be3 Bxe3 14. fxe3 Be6 15. Qxd6 Rc8 16. Qb4 Qc5 17. Qxc5 Rxc5 18. Rd2 Rxc3 19. bxc3 Nd7 20. a4 Ke7 21. Rb1 Nc5 22. a5 Rc8 23. Rb4 Rc7 24. Bf1 Nd7 25. Bd3 Nb8 26. Rd1 Nc6 27. Ra4 Nd8 28. Rb1 Rxc3 29. Kf2 Rc5 30. Ke2 g5 31. Kd2 Bd7 32. Ra3 Rc7 33. Rc3 Bc6 34. Rb6 Rd7 35. Ke2 Rd6 36. g4 Kd7 37. Kf3 Kc7 38. Bc4 Rd2 39. h3 Rd1 40. Bd5 f6 41. Rc5 Rh1 42. Kg2 Ra1 43. Kg3 Kd6 44. Rc3 Rxa5 45. Bxc6 bxc6 46. Rb8 Kc7 47. Ra8 Ne6 48. Rh8 Nc5 49. Rxh6 Nxe4+ 50. Kg2 Nxc3 51. Rxf6 Ra2 52. h4 Rxc2+ 53. Kf3 gxh4 54. g5 h3 55. Rh6 Rg2 56. g6 e4+ 57. Kf4 a5 58. Kf5 h2 59. Kf6 Nd5+ 60. Kf7 Nxe3 61. g7 Rxg7+ 62. Kxg7 Nf5+ 0-1


[Site "https://www.chess.com"]

[Event "Titled Tuesday Blitz June 15 2021"]
[White "Ljukin, Sergei"]
[Black "Alavkin, Arseny"]
[WhiteFideId "14102200"]
[BlackFideId "4120612"]
[WhiteElo "2309"]
[BlackElo "2401"]
[Result "0-1"]
[Round "04"]
[TimeControl "180+1"]
[Date "2021.06.15"]
[WhiteClock "0:00:14"]
[BlackClock "0:01:08"]

1. e4 e6 2. d4 d5 3. Nc3 Bb4 4. e5 c5 5. a3 Bxc3+ 6. bxc3 Qc7 7. Qg4 Ne7 8. Bd3 cxd4 9. Ne2 Nbc6 10. cxd4 Ng6 11. O-O Bd7 12. h4 O-O-O 13. h5 Nge7 14. Qxg7 Rdf8 15. Bg5 Nf5 16. Bxf5 exf5 17. Bf6 Be6 18. c3 h6 19. Nf4 Qd7 20. Qg3 Rhg8 21. Qd3 Na5 22. a4 Nc4 23. Rfb1 b6 24. a5 b5 25. a6 Kc7 26. Rb4 Rb8 27. Rab1 Rb6 28. Qe2 Na3 29. Ra1 Nc4 30. Nd3 f4 31. Nxf4 Qc6 32. Nd3 Rxa6 33. Nc5 Rxa1+ 34. Kh2 a5 35. Rb3 a4 36. Rb4 a3 0-1


[Site "https://www.chess.com"]

[Event "Titled Tuesday Blitz June 15 2021"]
[White "Lodici, Lorenzo"]
[Black "Terry, Renato"]
[WhiteFideId "884189"]
[BlackFideId "3803457"]
[WhiteElo "2577"]
[BlackElo "2989"]
[Result "1-0"]
[Round "04"]
[TimeControl "180+1"]
[Date "2021.06.15"]
[WhiteClock "0:00:07"]
[BlackClock "0:00:01"]

1. d4 e6 2. c4 Bb4+ 3. Nd2 a5 4. e4 Nf6 5. Bd3 d5 6. cxd5 exd5 7. e5 Ne4 8. Ne2 c5 9. O-O Nxd2 10. Bxd2 c4 11. Bc2 Nc6 12. f4 f5 13. Be3 Be6 14. g4 g6 15. gxf5 Bxf5 16. Bxf5 gxf5 17. Ng3 Qh4 18. Qf3 Rg8 19. Kh1 Qh3 20. Nh5 Qxf3+ 21. Rxf3 Be7 22. Rh3 Kd7 23. Ng3 Raf8 24. Rxh7 Rg6 25. Rg1 b5 26. Nh5 Rxg1+ 27. Kxg1 b4 28. Kf2 c3 29. bxc3 bxc3 30. h4 Nb4 31. a4 c2 32. Ke2 Na2 33. Nf6+ Ke6 34. Nxd5 Kxd5 35. Rxe7 c1=Q 36. Bxc1 Nxc1+ 37. Ke3 Rd8 38. Rb7 Kc4 39. Rc7+ Kb4 40. Rxc1 Kxa4 41. Rd1 Kb4 42. d5 a4 43. d6 a3 44. e6 a2 45. d7 Rh8 46. Ra1 Kb3 47. Rxa2 1-0


[Site "https://www.chess.com"]